 Dungeon Crawl Stone Soup version 0.30.1 (webtiles) character file.

Game seed: 197226031148578822

3 safid the Chiller (level 1, 0/14 HPs)
             Began as a Merfolk Ice Elementalist on July 7, 2023.
             Slain by a goblin
             ... wielding a +0 club
              (3 damage)
             ... on level 1 of the Dungeon.
             The game lasted 00:00:12 (60 turns).

safid the Chiller (Merfolk Ice Elementalist)          Turns: 60, Time: 00:00:13

Health: 0/14       AC:  2    Str:  8    XL:     1   Next: 50%
Magic:  0/3        EV: 12    Int: 14    God:
Gold:   0          SH:  0    Dex: 14    Spells: 3/4 levels left

rFire   . . .        (no weapon)
rCold   . . .        (no shield)
rNeg    . . .        a - +0 robe
rPois   .            (no helmet)
rElec   .            (no cloak)
rCorr   .            (no gloves)
SInv    .            (no boots)
Will    .....        (no amulet)
Stlth   ++           (no ring)
HPRegen 0.22/turn    (no ring)
MPRegen 0.08/turn

%: no passive effects
@: no status effects
A: (nimble swimmer 2), mertail
a: no special abilities


You were on level 1 of the Dungeon.
You visited 1 branch of the dungeon, and saw 1 of its levels.

Inventory:

Armour
 a - a +0 robe (worn)
Potions
 b - a potion of magic


   Skills:
 + Level 0.4 Fighting
 - Level 2.6 Dodging
 - Level 2.1 Stealth
 + Level 2.0 Spellcasting
 + Level 4.4 Ice Magic


You had 3 spell levels left.
You knew the following spells:

 Your Spells              Type           Power      Damage    Failure   Level
a - Freeze                Ice            52%        1d6       3%          1

Your spell library contained the following spells:

 Spells                   Type           Power      Damage    Failure   Level
 Frozen Ramparts          Ice            26%        1d4       12%         3
 Ozocubu's Armour         Ice            13%        N/A       12%         3
 Summon Ice Beast         Ice/Summ       7%         N/A       67%         4


Dungeon Overview and Level Annotations

Branches:
Dungeon (1/15)

Altars:


Innate Abilities, Weirdness & Mutations

((You are very nimble when in or above water. (Stealth+, EV+, Speed+++)))
Your lower body shifts to a powerful aquatic tail in water.


Message History

Aim: a kobold, wielding a +0 dagger You freeze the kobold.
You kill the kobold!
Unknown command.
Casting: Freeze (safe; 3% risk of failure)
Confirm with . or Enter, or press ? or * to list all spells.
Aiming: Freeze (safe; 3% risk of failure)
Press: ? - help, Shift-Dir - straight line, f - bat
Aim: a bat You freeze the bat.
You kill the bat!
Unknown command.
The quokka misses you.
You closely miss the goblin. The quokka barely misses you.
The goblin hits you with a +0 club. The quokka barely misses you.
You hit the goblin.
The goblin is moderately wounded.
The quokka closely misses you. The goblin hits you but does no damage.
You hit the goblin.
The goblin is severely wounded.
The quokka closely misses you. The endoplasm barely misses you.
The goblin barely misses you.
You barely miss the goblin.
The goblin is severely wounded.
The quokka misses you. The endoplasm freezes you.
You are frozen.
The goblin hits you but does no damage.
You barely miss the goblin.
The goblin is severely wounded.
The quokka misses you. The endoplasm freezes you.
You are frozen.
The goblin hits you with a +0 club.
You are too injured to fight recklessly!
Unknown command.
You miss the goblin.
The goblin is severely wounded.
The quokka bites you.
* * * LOW HITPOINT WARNING * * *
The endoplasm barely misses you. The goblin hits you with a +0 club.
You die...

.... #...........#
....?#####.###.....#..
.#........##.....#...[
...!##?.###....#.[.#..
#.........##..#...#...#
#..##..##...#...#.. #..
#..#..#...#...#. #
#...#.J.#...# ..#
#....@#)..#.. .
..(.#.#gr.#...#
..###...#...#... .
#.#...#...#.
....#...#.. .. #...#..
# ... ..#...#. ... #..
.


You could see an endoplasm, a quokka and a goblin.

Vanquished Creatures
  A giant cockroach (D:1)
  A bat (D:1)
  A kobold (D:1)
  A rat (D:1)
4 creatures vanquished.

Notes
Turn   | Place    | Note
-------+----------+-------------------------------------------
     0 | D:1      | safid the Merfolk Ice Elementalist began the quest for the
                  | Orb.
     0 | D:1      | Reached XP level 1. HP: 13/13 MP: 3/3
    60 | D:1      | Slain by a goblin

Illustrated notes

Levels and vault maps discovered:
D:1:      minmay_arrival_checkered_box, layout_rooms, hex_large,
          reono_crystal_passage

Action                     || total
---------------------------++-------
  Melee: Unarmed           ||     8
   Cast: Freeze            ||     5
 Armour: Robe              ||     3
  Dodge: Dodged            ||    14
